 Dungeon Crawl Stone Soup version 0.30-b1-2-g02819fbbbe (webtiles) character file.

Game seed: 12010264970549686739

39 LLlMATKO the Trooper (level 3, -4/49 HPs)
             Began as a Minotaur Berserker on Sept 24, 2023.
             Was a Believer of Trog.
             Slain by an ogre
             ... wielding a +0 giant club
              (23 damage)
             ... on level 2 of the Dungeon.
             The game lasted 00:00:44 (1202 turns).

LLlMATKO the Trooper (Minotaur Berserker)           Turns: 1202, Time: 00:00:44

Health: -4/49      AC:  5    Str: 23    XL:     3   Next: 28%
Magic:  2/2        EV: 11    Int:  4    God:    Trog [**....]
Gold:   83         SH:  0    Dex:  9    Spells: 2/2 levels left

rFire   . . .        a - +0 hand axe
rCold   . . .        (no shield)
rNeg    . . .        h - +0 ring mail
rPois   .            (helmet restricted)
rElec   .            (no cloak)
rCorr   .            (no gloves)
SInv    .            (no boots)
Will    .....        (no amulet) Stlth
                     (no ring)
HPRegen 0.28/turn    (no ring)
MPRegen 0.08/turn

%: no passive effects
@: berserking, very quick
A: horns 2, retaliatory headbutt
a: Renounce Religion, Berserk, Trog's Hand


You were on level 2 of the Dungeon.
You worshipped Trog.
Trog was pleased with you.
You visited 1 branch of the dungeon, and saw 2 of its levels.

You collected 83 gold pieces.

Inventory:

Hand Weapons
 a - a +0 hand axe (weapon)
 j - a +0 hand axe
Armour
 h - a +0 ring mail (worn)
Scrolls
 b - 2 scrolls of teleportation {unknown}
 c - 4 scrolls of identify {unknown}
 d - a scroll of poison {unknown}
 e - a scroll of enchant weapon {unknown}
 g - a scroll of magic mapping {unknown}
Potions
 f - a potion of invisibility {unknown}
 i - a potion of mutation {unknown}
 k - 2 potions of curing {unknown}


   Skills:
 + Level 4.1 Fighting
 + Level 4.1 Axes
 + Level 3.1 Armour
 + Level 2.8 Dodging


You had 2 spell levels left.
You didn't know any spells.
Your spell library was empty.

Dungeon Overview and Level Annotations

Branches:
Dungeon (2/15)

Altars:


Innate Abilities, Weirdness & Mutations

You have a pair of horns on your head.
You reflexively headbutt those who attack you in melee.


Message History

Unknown command.
You closely miss the rat. The rat closely misses you.
Unknown command.
You barely miss the rat. You headbutt the rat.
You kill the rat!
Trog accepts your kill.
Unknown command.
No target in view!
Unknown command.
A goblin comes into view. It is wielding a +0 dagger.
The goblin shouts!
A goblin is nearby!
A goblin is nearby!
The goblin hits you with a +0 dagger.
A goblin is nearby!
You barely miss the goblin. The goblin barely misses you.
A goblin is nearby!
You hit the goblin but do no damage. The goblin hits you but does no damage.
A goblin is nearby!
You hit the goblin but do no damage. You headbutt the goblin.
You kill the goblin!
Trog accepts your kill.
Found a dagger.
No target in view!
An ogre comes into view. It is wielding a +0 giant club.
The ogre shouts!
An ogre is nearby!
The ogre completely misses you.
An ogre is nearby!
You barely miss the ogre.
The ogre hits you with a +0 giant club!!
Ouch! That really hurt!
An ogre is nearby!
You are too injured to fight recklessly!
A red film seems to cover your vision as you go berserk!
You feel yourself moving faster!
You feel mighty!
You slash the ogre!
The ogre is heavily wounded.
The ogre hits you with a +0 giant club!!
You die...

.....# #.... ...)#
#..†...... .....#
#...###.....# #.##...###
########.....#.....#
#.##...##.
.......#.....#.....#
#.#######.
.......#.###.......# #.#
#.
.......)...#.###...###.#<#
#.
...........#...#.......###
##. .......###.....#.O.#
#.. ######...#.###..@..#
#.##. #.....#.. #.###.# #.
## ####.###.....#.. # #. #
.......#.###..... #.###
.......#...#.###.. #....
....##.....#...#.## #.##.
....######.....#..
#####... ..).##..........
.. #.....#.
..†.##..............
#.#...#.


You could see an ogre.

Vanquished Creatures
  3 bats
  An endoplasm (D:1)
  5 giant cockroaches
  5 goblins
  A hobgoblin (D:2)
  3 quokkas
  5 ball pythons
  3 frilled lizards
  5 kobolds
  6 rats
37 creatures vanquished.

Vanquished Creatures (others)
  2 fungi (D:2)
  6 plants (D:2)
8 creatures vanquished.

Grand Total: 45 creatures vanquished

Notes
Turn   | Place    | Note
-------+----------+-------------------------------------------
     0 | D:1      | LLlMATKO the Minotaur Berserker began the quest for the
                  | Orb.
     0 | D:1      | Reached XP level 1. HP: 19/19 MP: 0/0
   190 | D:1      | Reached XP level 2. HP: 27/27 MP: 1/1
   686 | D:2      | Reached ** piety under Trog
   904 | D:2      | Reached XP level 3. HP: 30/33 MP: 2/2
  1197 | D:2      | Noticed an ogre
  1202 | D:2      | Slain by an ogre

Illustrated notes

Levels and vault maps discovered:
D:1:      lemuel_arrival_cross, layout_basic, minmay_misc_feat_plants
D:2:      layout_basic, dreamdust_ecumenical_altar_hidden_monk_grotto,
          hangedman_decor_points

Skill      XL: |  1  2 |
---------------+-------+-----
Fighting       | 4 |  4.1
Armour         | 3 |  3.1
Axes           | 4 |  4.1
Dodging        | |  2.8

Action                     || total
---------------------------++-------
  Melee: Hand axe          ||    67
         Headbutt          ||     9
 Invoke: Berserk           ||     1
 Armour: Animal skin       ||     6
         Ring mail         ||     8
  Dodge: Dodged            ||    48
